 Dungeon Crawl Stone Soup version 0.28-a0-199-g298df9dbad (webtiles) character file.

Game seed: 16985288111873870391

66889 Spaninq the Unseen (level 14, 0/111 HPs)
             Began as a Spriggan Delver on Aug 19, 2021.
             Was the Champion of Dithmenos.
             Killed by divine providence
             ... invoked by Saint Roka
              (8 damage)
             ... on level 1 of the Orcish Mines.
             The game lasted 02:25:02 (28611 turns).

Spaninq the Unseen (Spriggan Delver)               Turns: 28611, Time: 02:25:02

Health: 0/111      AC:  6    Str: 15    XL:     14   Next: 80%
Magic:  0/25       EV: 32    Int: 11    God:    Dithmenos [******]
Gold:   1795       SH:  0    Dex: 27    Spells: 20/27 levels left

rFire   . . .      SeeInvis +   C - +0 demon blade (venom)
rCold   . . .      Faith    .   (shield restricted)
rNeg    . . .      Spirit   +   D - +0 steam dragon scales
rPois   .          Reflect  .   (helmet restricted)
rElec   .          Harm     .   p - +0 cloak
rCorr   .          Rampage  .   (gloves unavailable)
Will    ++...                   (boots unavailable)
Stlth   ..........              I - amulet of guardian spirit
HPRegen 0.28/turn               E - +6 ring of dexterity
MPRegen 0.19/turn               a - +6 ring of strength

@: berserking (expiring), hasted, wreathed by umbra, very quick
A: very small, no large weapons, unfitting armour, see invisible, speed 3
a: Renounce Religion, Shadow Step, Shadow Form


You were on level 1 of the Orcish Mines.
You worshipped Dithmenos.
Dithmenos was exalted by your worship.
You visited 4 branches of the dungeon, and saw 20 of its levels.

You collected 1963 gold pieces.
You spent 168 gold pieces at shops.

Inventory:

Hand Weapons
 r - a +4 dagger
 z - the +6 shortbow of Currency {speed, +Blink Str+5 Int-2 SInv}
   (You bought it in a shop on level 4 of the Dungeon)

   Attacks with this weapon are significantly faster.
   Str:       It affects your strength (+5).
   Int:       It affects your intelligence (-2).
   SInv:      It lets you see invisible.
   +Blink:    It lets you blink.
 C - a +0 demon blade of venom (weapon)
Missiles
 b - 8 throwing nets (quivered)
 A - 162 arrows
Armour
 p - a +0 cloak (worn)
 y - a +0 buckler
 D - +0 steam dragon scales (worn)
Jewellery
 a - a +6 ring of strength (right hand)
 h - a ring of fire
 t - a ring of protection from fire
 w - a ring of ice
 E - a +6 ring of dexterity (left hand)
 I - an amulet of guardian spirit (around neck)
 M - a ring of positive energy
 O - a ring of willpower
Wands
 g - a wand of digging (19)
 j - a wand of charming (16)
 B - a wand of flame (53)
 K - a wand of mindburst (14)
 N - a wand of polymorph (5)
Scrolls
 c - a scroll of fog
 d - a scroll of magic mapping
 e - 3 scrolls of fear
 l - 4 scrolls of enchant weapon
 n - 3 scrolls of identify
 s - 2 scrolls of enchant armour
 F - 4 scrolls of teleportation
 G - 2 scrolls of silence
Potions
 f - a potion of haste
 i - 3 potions of brilliance
 k - 4 potions of curing
 m - 8 potions of heal wounds
 o - 2 potions of cancellation
 q - a potion of mutation
 u - 2 potions of flight
 v - 2 potions of berserk rage
 x - 2 potions of resistance
 H - 2 potions of ambrosia


   Skills:
 + Level 8.8 Fighting
 - Level 7.0(9.9) Short Blades
 * Level 8.4(9.2) Long Blades
 + Level 12.4 Bows
 + Level 12.9 Dodging
 * Level 20.7 Stealth
 - Level 2.0 Shields
 + Level 7.1 Spellcasting
 - Level 6.2 Hexes


You had 20 spell levels left.
You knew the following spells:

 Your Spells              Type           Power      Damage    Failure   Level
a - Ensorcelled Hibernat  Hex/Ice        20%        N/A       8%          2
b - Confusing Touch       Hex            17%        N/A       4%          3
c - Slow                  Hex            17%        N/A       1%          2

Your spell library contained the following spells:

 Spells                   Type           Power      Damage    Failure   Level
 Dazzling Flash           Conj/Hex       20%        N/A       14%         3
 Summon Guardian Golem    Hex/Summ       10%        N/A       14%         3
 Magic Dart               Conj           12%        1d3       17%         1
 Call Imp                 Summ           3%         N/A       26%         2
 Searing Ray              Conj           6%         3d3       26%         2
 Fulminant Prism          Conj/Hex       5%         3d7       43%         4
 Gell's Gravitas          Tloc           1%         N/A       45%         3
 Mephitic Cloud           Conj/Pois/Air  3%         N/A       45%         3
 Spider Form              Tmut/Pois      1%         N/A       45%         3
 Teleport Other           Tloc           3%         N/A       45%         3
 Silence                  Hex/Air        5%         N/A       80%         5
 Yara's Violent Unravell  Hex/Tmut       5%         3d4       80%         5
 Agony                    Necr           3%         N/A       99%         5
 Alistair's Intoxication  Tmut/Pois      2%         N/A       99%         5
 Blade Hands              Tmut           1%         N/A       99%         5
 Borgnjor's Vile Clutch   Necr/Erth      1%         N/A       99%         5
 Irradiate                Conj/Tmut      1%         3d13      99%         5
 Dispersal                Tloc           1%         N/A       100%        6
 Eringya's Noxious Bog    Tmut/Pois      1%         N/A       100%        6
 Shadow Creatures         Summ           N/A        N/A       100%        6
 Dragon Form              Tmut           1%         N/A       100%        7
 Orb of Destruction       Conj           1%         N/A       100%        7
 Spellforged Servitor     Conj/Summ      1%         N/A       100%        7


Dungeon Overview and Level Annotations

Branches:
Dungeon (11/15)            Temple (1/1) D:5            Lair (6/6) D:10
  Swamp (0/4) Lair:4        Snake (0/4) Lair:3        Slime (0/5) Lair:5
    Orc (2/2) D:9
    Elf: Orc:2

Altars:
Ashenzari
Cheibriados
Dithmenos
Elyvilon
Fedhas
Gozag
Hepliaklqana
Kikubaaqudgha
Makhleb
Nemelex Xobeh
Okawaru
Qazlal
Ru
Sif Muna
Trog
Uskayaw
Vehumet
Wu Jian
Xom
Yredelemnul
Zin
The Shining One
Beogh

Shops:
D:4 [(*   Orc:1 *!

Portals:
Hell: Lair:6

Annotations:
Lair:5 exclusion: 3 oklob plants
Orc:1 3 runed translucent doors, exclusion: obsidian statue, Cionis's ghost, journeyman DEAE; Saint Roka


Innate Abilities, Weirdness & Mutations

You are very small and have problems with some larger weapons.
You are too small for most types of armour.
You have supernaturally acute eyesight. (SInv)
You cover ground extremely quickly. (Speed+++)


Message History

Saint Roka says, "Down here, you're an orc or you're nobody."
Saint Roka hits you with a +1 bardiche of pain!
You emit a cloud of dark smoke.
You writhe in agony.
There is a stone staircase leading up, spattered with blood here.
Saint Roka roars a battlecry!
The orc warrior goes into a battle-frenzy!
You climb upwards.
Level annotation: 3 runed translucent doors, exclusion: obsidian statue, Cionis's ghost, journeyman DEAE
There is a stone staircase leading down, spattered with blood here.
You feel yourself speed up. Saint Roka barely misses you.
A red film seems to cover your vision as you go berserk!
You feel yourself moving faster!
You feel mighty!
Saint Roka hits you with a +1 bardiche of pain!!!
You emit a cloud of dark smoke.
You writhe in agony.
You slash Saint Roka!
Saint Roka is poisoned.
Saint Roka is lightly wounded.
Your shadow closely misses Saint Roka.
You slice Saint Roka!!
Saint Roka is lightly wounded.
Your shadow barely misses Saint Roka.
Saint Roka mumbles some strange prayers to Beogh against you.
Beogh smites you!
You emit a cloud of dark smoke.
You slash Saint Roka!
Saint Roka is moderately wounded.
Saint Roka calls down the wrath of Beogh upon you.
Beogh smites you!
You hit Saint Roka.
Saint Roka looks as sick as possible!
Saint Roka is moderately wounded.
You hit Saint Roka but do no damage.
Saint Roka is moderately wounded.
Your shadow hits Saint Roka but does no damage.
Saint Roka hits you with a +1 bardiche of pain!!
* * * LOW HITPOINT WARNING * * *
You emit a cloud of dark smoke.
You writhe in agony.
* * * LOW HITPOINT WARNING * * *
You are too berserk!
You feel a strong urge to attack something.
Saint Roka mumbles some strange prayers to Beogh against you.
Beogh smites you!
You die...

###....#####....#.###
##$#...#######...### #
#§§#§).##.#......#.##
#).)§...#.....)))...##
###.§§#........)#......#
#.#§o§##.#....).####..))
#..§§§#####.....# #....
#.#§§§.##......## ##...)
###§.§§@#.).....###....)
#.§§§....#........)..##
####....##.#........##.
#.....######....#.###
##...## #.#.#### ##..#
##### ### #### #.. ##..
#...


You could see Saint Roka (extremely poisoned).

Vanquished Creatures
  Snorg (Orc:1)
  Harold (Lair:2)
  10 hydras
  4 two-headed ogres
  3 catoblepae
  11 death yaks
  A sun demon (Lair:6)
  A wizard (Lair:6)
  2 orc knights
  An ugly thing (D:11)
  6 elephants
  3 black mambas
  14 cane toads
  Maggie (D:7)
  A gargoyle (D:11)
  A torpor snail (Lair:6)
  11 komodo dragons
  An unseen horror (D:11)
  2 orange demons (Lair:6)
  7 rime drakes
  A hellwing (Lair:6)
  3 ice devils (Lair:6)
  5 trolls
  7 polar bears
  Prince Ribbit (D:8)
  22 blink frogs
  Sigmund (D:2)
  3 shadows
  Eustachio (D:6)
  3 wyverns
  2 basilisks
  Grum (D:8)
  88 yaks
  2 wargs (Orc:2)
  3 steam dragons
  4 nagas (Lair:3)
  An acid dragon (D:11)
  13 water moccasins
  5 hell hounds (Lair:6)
  2 ice beasts
  4 black bears
  30 orc warriors
  2 sky beasts
  5 wolves
  5 ogres
  13 centaurs
  3 phantoms
  2 kobold brigands
  10 bullfrogs
  3 gnoll sergeants
  5 scorpions
  A wyvern skeleton (D:5)
  2 water moccasin skeletons
  A troll zombie (D:9)
  7 killer bees
  10 wights
  A howler monkey (D:11)
  An electric eel (Lair:6)
  4 centaur zombies
  6 orc priests
  A bullfrog skeleton (D:5)
  7 hounds
  4 iguanas
  Natasha (thrice) (D:2)
  16 orc wizards
  4 hell rats (Lair:6)
  7 ogre zombies (D:9)
  22 gnolls
  A howler monkey skeleton (D:6)
  13 adders
  2 shadow imps
  2 white imps
  2 ufetubi
  2 worms
  4 dart slugs
  68 orcs
  8 ball pythons
  6 bats
  2 endoplasms (D:1)
  2 giant cockroaches
  8 goblins
  8 hobgoblins
  5 jackals
  5 quokkas
  13 frilled lizards
  A goblin skeleton (D:9)
  A goblin zombie (D:9)
  3 hobgoblin zombies (D:9)
  18 kobolds
  4 orc skeletons (D:9)
  16 orc zombies (D:9)
  5 rats
628 creatures vanquished.

Vanquished Creatures (others)
  A bush (Lair:6)
  33 fungi
  63 plants
97 creatures vanquished.

Grand Total: 725 creatures vanquished

Notes
Turn   | Place    | Note
-------+----------+-------------------------------------------
     0 | D:5      | Spaninq the Spriggan Delver began the quest for the Orb.
     0 | D:5      | Reached XP level 1. HP: 11/11 MP: 2/2
    76 | D:5      | Noticed a phantom
   109 | D:5      | Noticed a water moccasin zombie
   205 | D:5      | Noticed a water moccasin
   209 | D:5      | Noticed a phantom
   218 | D:5      | Noticed a hound
   224 | D:5      | Killed a hound
   225 | D:5      | Reached XP level 2. HP: 7/16 MP: 3/3
   225 | D:5      | Reached XP level 3. HP: 8/19 MP: 4/4
   503 | D:5      | Reached skill level 8 in Stealth
   515 | D:4      | Found Qoczeuck's Antique Armour Shop.
   587 | D:4      | Reached XP level 4. HP: 23/23 MP: 5/5
   814 | D:2      | Noticed Natasha
  1979 | D:2      | Noticed Sigmund
  1987 | D:2      | Killed Sigmund
  1988 | D:2      | Reached skill level 9 in Stealth
  1988 | D:2      | Reached XP level 5. HP: 28/28 MP: 6/6
  1988 | D:2      | Reached XP level 6. HP: 32/32 MP: 7/7
  2131 | D:2      | Killed Natasha
  3086 | D:3      | Found a shadowy altar of Dithmenos.
  3095 | D:3      | Became a worshipper of Dithmenos the Shadowed
  3423 | D:4      | Found a radiant altar of Vehumet.
  3429 | D:4      | Got Vehumet's Catalogue of Conjuration
  3431 | D:4      | Found an ancient bone altar of Kikubaaqudgha.
  3432 | D:4      | Found a shimmering blue altar of Sif Muna.
  3558 | D:4      | Reached skill level 10 in Stealth
  3672 | D:4      | Found Necyteud's Assorted Antiques.
  3680 | D:4      | Reached skill level 5 in Dodging
  3698 | D:4      | Reached XP level 7. HP: 25/36 MP: 8/8
  4013 | D:4      | Reached * piety under Dithmenos
  4021 | D:4      | Reached skill level 1 in Shields
  4306 | D:4      | Identified the +1 ring mail of Xom's Approval {Int+2
                  | Stlth+}
  4451 | D:4      | Found Pelysala's Antique Weapon Boutique.
  4459 | D:4      | Bought an iridescent shortbow for 168 gold pieces
  4459 | D:4      | Identified the +6 shortbow of Currency {speed, +Blink Str+5
                  | Int-2 SInv} (You bought it in a shop on level 4 of the
                  | Dungeon)
  4597 | D:2      | Noticed Natasha
  4604 | D:2      | Killed Natasha
  4605 | D:2      | Reached skill level 11 in Stealth
  5339 | D:2      | Noticed Natasha
  5355 | D:2      | Killed Natasha
  5776 | D:5      | Reached XP level 8. HP: 42/42 MP: 9/9
  5779 | D:5      | Reached skill level 1 in Bows
  5801 | D:5      | Reached skill level 5 in Short Blades
  6328 | D:5      | Found a staircase to the Ecumenical Temple.
  6703 | D:5      | Reached skill level 12 in Stealth
  6995 | D:5      | Reached ** piety under Dithmenos
  7162 | Temple   | Entered the Ecumenical Temple
  7310 | D:6      | Reached XP level 9. HP: 46/46 MP: 10/10
  7385 | D:6      | Noticed Eustachio
  7571 | D:6      | Killed Eustachio
  7855 | D:6      | Reached skill level 13 in Stealth
  7872 | D:6      | Reached skill level 5 in Fighting
  8935 | D:7      | Noticed Maggie
  8962 | D:7      | Killed Maggie
  9573 | D:7      | Reached skill level 14 in Stealth
  9634 | D:7      | Found a glowing golden altar of the Shining One.
  9634 | D:7      | Found a hazy altar of Hepliaklqana.
  9891 | D:8      | Reached skill level 5 in Bows
 10409 | D:8      | Noticed Prince Ribbit
 10416 | D:8      | Killed Prince Ribbit
 10417 | D:8      | Reached XP level 10. HP: 51/51 MP: 11/11
 10507 | D:8      | Learned a level 2 spell: Ensorcelled Hibernation
 10511 | D:8      | Learned a level 3 spell: Confusing Touch
 10612 | D:8      | Noticed Grum
 10614 | D:8      | Killed Grum
 10749 | D:8      | Reached *** piety under Dithmenos
 10750 | D:8      | Reached skill level 1 in Hexes
 11400 | D:9      | Reached skill level 1 in Long Blades
 11662 | D:9      | Noticed a two-headed ogre
 11664 | D:9      | Killed a two-headed ogre
 11977 | D:9      | Reached skill level 15 in Stealth
 12140 | D:9      | Reached **** piety under Dithmenos
 12169 | D:9      | Found a staircase to the Orcish Mines.
 12853 | D:10     | Entered Level 10 of the Dungeon
 13614 | D:10     | Reached XP level 11. HP: 56/56 MP: 12/12
 13623 | D:10     | Found a staircase to the Lair.
 13846 | D:10     | Reached ***** piety under Dithmenos
 14314 | D:10     | Found a white marble altar of Elyvilon.
 14314 | D:10     | Found a blossoming altar of Fedhas.
 14314 | D:10     | Found a shimmering altar of Xom.
 14314 | D:10     | Found a burning altar of Makhleb.
 14324 | D:10     | Found a hide-covered altar of Uskayaw.
 14329 | D:10     | Found a basalt altar of Yredelemnul.
 14510 | D:11     | Noticed a two-headed ogre
 14514 | D:11     | Killed a two-headed ogre
 14526 | D:11     | Noticed a four-headed hydra
 14548 | D:11     | Killed a four-headed hydra
 14549 | D:11     | Reached skill level 16 in Stealth
 14731 | D:11     | Noticed a two-headed ogre
 14737 | D:11     | Killed a two-headed ogre
 14801 | D:11     | Found a sacrificial altar of Ru.
 14849 | D:11     | Noticed a white ugly thing
 14897 | D:11     | Killed a white ugly thing
 14898 | D:11     | Reached skill level 10 in Dodging
 15050 | D:11     | Reached skill level 5 in Hexes
 15116 | D:11     | Noticed a two-headed ogre
 15149 | D:11     | Killed a two-headed ogre
 15250 | Lair:1   | Entered Level 1 of the Lair of Beasts
 15262 | Lair:1   | Noticed a four-headed hydra
 15284 | Lair:1   | Killed a four-headed hydra
 15501 | Lair:1   | Learned a level 2 spell: Slow
 15547 | Lair:1   | Reached XP level 12. HP: 48/62 MP: 13/13
 15682 | Lair:1   | Reached skill level 17 in Stealth
 15959 | Lair:1   | Reached skill level 5 in Long Blades
 16672 | Lair:1   | Noticed a five-headed hydra
 16678 | Lair:1   | Killed a five-headed hydra
 17263 | Lair:2   | Noticed a six-headed hydra
 17289 | Lair:2   | Killed a six-headed hydra
 17290 | Lair:2   | Reached skill level 1 in Spellcasting
 17487 | Lair:2   | Noticed Harold
 18646 | Lair:2   | Killed Harold
 18647 | Lair:2   | Reached skill level 10 in Bows
 18647 | Lair:2   | Reached skill level 18 in Stealth
 18677 | Lair:3   | Found a sparkling altar of Nemelex Xobeh.
 18852 | Lair:3   | Reached ****** piety under Dithmenos
 19041 | Lair:3   | Reached XP level 13. HP: 65/67 MP: 18/18
 19449 | Lair:3   | Identified the +1 leather armour of Oklow {Drain rPois
                  | Int-3 Dex+4}
 19619 | Lair:3   | Found a staircase to the Snake Pit.
 20427 | Lair:4   | Found a staircase to the Swamp.
 21256 | Lair:5   | You fall into a shaft and drop 1 floor!
 21256 | Lair:6   | Entered Level 6 of the Lair of Beasts
 21399 | Lair:5   | Reached skill level 19 in Stealth
 22103 | Lair:5   | Found a staircase to the Slime Pits.
 22181 | Lair:5   | Reached skill level 5 in Spellcasting
 23253 | Lair:6   | Reached XP level 14. HP: 73/73 MP: 23/23
 24544 | Lair:6   | Reached skill level 20 in Stealth
 25674 | Lair:6   | Found a burning altar of Makhleb.
 26676 | Lair:6   | Found a gateway to Hell.
 26902 | Orc:1    | Entered Level 1 of the Orcish Mines
 27533 | Orc:2    | Entered Level 2 of the Orcish Mines
 27539 | Orc:1    | Found a runed translucent gate.
 27539 | Orc:1    | Found Werycayz's Distillery.
 27544 | Orc:1    | Found a runed translucent gate.
 27544 | Orc:1    | Found a runed translucent gate.
 27545 | Orc:1    | Found an opulent altar of Gozag.
 27545 | Orc:1    | Found Joametio's Assorted Antiques.
 27546 | Orc:1    | Noticed Cionis's ghost (journeyman DEAE)
 27556 | Orc:1    | Noticed Snorg
 27582 | Orc:1    | Killed Snorg
 28013 | Orc:2    | Noticed Saint Roka
 28611 | Orc:1    | Killed from afar by Saint Roka

Illustrated notes

Levels and vault maps discovered:
D:1:      heliophobic_arrival_henge, layout_loops_ring, serial_glass,
          glass_columns_c, glass_columns_a, minmay_misc_feat_roman
D:2:      layout_loops_corners, kennysheep_generic_room_16, uniq_natasha,
          uniq_sigmund
D:3:      layout_basic, old_standard_altar, minmay_lizard_king
D:4:      minmay_octagon_keep, layout_basic,
          grunt_temple_overflow_magic_moments, serial_shops, shop,
          nicolae_shop_overgrown_old_shop,
          nicolae_shop_temple_entry_statues_fountains
D:5:      minmay_thinvault, layout_loops_ring,
          minmay_temple_entry_enclosed_plants, kennysheep_generic_room_14
D:6:      layout_gridville, solitary_fountain, minmay_misc_feat_tower,
          abandoned_shop, uniq_eustachio
D:7:      layout_loops_ring, gammafunk_temple_overflow_pools, uniq_maggie
D:8:      layout_gridville, uniq_prince_ribbit1, uniq_grum
D:9:      layout_basic, zombieorc2_lemuel, st_stairs_5
D:10:     layout_roguey [special_room_orc], minmay_overflow_temple_hex,
          lair_entry_dummy
D:11:     layout_rooms, nicolae_ru_sacrificial_ziggurat
Temple:   eino_temple_lava
Lair:1:   layout_loops_ring, columned_hall_lemuel, serial_bayou_crossing
Lair:2:   layout_layer_cave, cheibrodos_lair_lostbears, uniq_harold
Lair:3:   layout_chaotic_city, minmay_snake_entry_guardpost_small, basic_altar
Lair:4:   layout_long_grid, swamp_mist, lemuel_fruit_tree, serial_bayou_shore_a
Lair:5:   layout_regular_city, minmay_slime_entry_oklob_enclosed,
          beast_lair_carwin_4
Lair:6:   evil_forest, layout_gridlike, st_stairs_4, grunt_megastairs_5,
          infiniplex_staircase_pool
Orc:1:    layout_diamond_mine, serial_shops, nicolae_shop_statue_plus,
          ebering_ghost_gozag, uniq_snorg
Orc:2:    st_orc_rangers, layout_caves, basic_altar, uniq_saint_roka

Skill      XL: |  1  2  3  4  5  6  7  8  9 10 11 12 13 14 |
---------------+-------------------------------------------+-----
Dodging        | 3 4 5 6 8 9 10 11 12 | 12.9
Stealth        | 8 9 10 11 12 14 15 16 18 19 20 | 20.7
Short Blades   | 3 4 5 6 7 |  7.0
Fighting       | 3 4 5 6 7 8 |  8.8
Shields        | 1 2 |  2.0
Bows           | 3 5 6 8 10 11 12 | 12.4
Hexes          | 3 5 6 |  6.2
Long Blades    | 3 4 6 7 8 |  8.4
Spellcasting   | 3 5 7 |  7.1

Action                   |  1- 3 |  4- 6 |  7- 9 | 10-12 | 13-15 || total
-------------------------+-------+-------+-------+-------+-------++-------
Melee: Short sword       |     5 |    42 |       |       |       ||    47
       Dagger            |       |   198 |   352 |   196 |    13 ||   759
       Demon blade       |       |       |       |    56 |   246 ||   302
 Fire: Hunting sling     |       |       |    17 |       |       ||    17
       Shortbow          |       |       |    49 |   617 |  1037 ||  1703
 Cast: Ensorcelled Hiber |       |       |       |       |     9 ||     9
  Use: Scroll            |       |       |    14 |     7 |     8 ||    29
       Potion            |       |       |       |       |     5 ||     5
 Stab: Sleeping          |     4 |    22 |    29 |    35 |    11 ||   101
       Distracted        |       |     1 |     4 |     6 |     1 ||    12
       Petrifying        |       |       |       |       |     3 ||     3
       Petrified         |       |       |       |       |     3 ||     3
Armor: Robe              |       |    10 |     3 |       |       ||    13
       Steam dragon scal |       |       |     8 |     9 |     8 ||    25
Dodge: Dodged            |       |   156 |   238 |   177 |   320 ||   891
       Rpst.: Demon blade |       |       |       |    17 |    84 ||   101

Table legend: (Time is in decaauts)
 A = Elapsed time spent in this place.
 B = Non-inter-level travel time spent in this place.
 C = Inter-level travel time spent in this place.
 D = Time resting spent in this place.
 E = Time spent auto-exploring this place.
 F = Levels seen in this place.
 G = Mean time per level.
                   A        B        C        D        E       F      G
               +--------+--------+--------+--------+--------+-----+--------+
         Total |  20353 |  19570 |    783 |   4304 |   9107 |  20 | 1017.7 |
       Dungeon |  10972 |  10553 |    419 |   2303 |   5185 |  11 |  997.5 |
        Temple |     39 |     36 |      3 |      0 |     34 |   1 |   39.0 |
          Lair |   8074 |   7727 |    347 |   1450 |   3651 |   6 | 1345.7 |
  Orcish Mines |   1267 |   1255 |     12 |    550 |    236 |   2 |  633.5 |
               +--------+--------+--------+--------+--------+-----+--------+

Top non-repeatable levels by time:
  Lair:5: 2358 daAuts
  Lair:6: 1967 daAuts
     D:5: 1411 daAuts
    D:10: 1393 daAuts
     D:2: 1324 daAuts
  Lair:1: 1285 daAuts
     D:9: 1158 daAuts
     D:6: 1105 daAuts
     D:4: 1089 daAuts
  Lair:2: 1051 daAuts
   Orc:1: 1024 daAuts
     D:8: 962 daAuts
  Lair:3: 835 daAuts
     D:1: 835 daAuts
     D:7: 799 daAuts
